 Dungeon Crawl Stone Soup version 0.29.0-4-gdea44cf6ec (webtiles) character file.

Game seed: 2079319436989637533

70 sanka the Ducker (level 4, -1/26 HPs)
             Began as a Deep Elf Gladiator on Aug 26, 2022.
             Slain by a kobold
             ... wielding the +4 mace of Xugulebe {flame, *Corrode rC+ Str+7 Dex+4}
              (5 damage)
             ... on level 2 of the Dungeon.
             The game lasted 00:02:16 (2116 turns).

sanka the Ducker (Deep Elf Gladiator)               Turns: 2116, Time: 00:02:16

Health: -1/26      AC:  4    Str: 11    XL:     4   Next: 4%
Magic:  6/6        EV: 13    Int: 15    God:
Gold:   58         SH:  0    Dex: 16    Spells: 3/3 levels left

rFire   . . .      SeeInvis .   a - +0 long sword
rCold   . . .      Faith    .   (no shield)
rNeg    . . .      Spirit   .   b - +0 leather armour
rPois   .          Reflect  .   c - +0 helmet
rElec   .          Harm     .   (no cloak)
rCorr   .          Rampage  .   (no gloves)
Will    .....                   (no boots)
Stlth   +.........              (no amulet)
HPRegen 0.08/turn               (no ring)
MPRegen 0.10/turn               (no ring)

@: no status effects
A: no striking features
a: no special abilities


You were on level 2 of the Dungeon.
You visited 1 branch of the dungeon, and saw 2 of its levels.

You collected 58 gold pieces.

Inventory:

Hand Weapons
 a - a +0 long sword (weapon)
Missiles
 d - 2 throwing nets (quivered)
 e - a javelin
Armour
 b - a +0 leather armour (worn)
 c - a +0 helmet (worn)
Scrolls
 f - 2 scrolls of butterflies {unknown}
 h - 2 scrolls of identify {unknown}
 l - a scroll of amnesia {unknown}
 m - a scroll of brand weapon {unknown}
 n - a scroll of fear {unknown}
 o - a scroll of summoning {unknown}
 p - a scroll of blinking {unknown}
Potions
 g - 2 potions of brilliance {unknown}
 i - a potion of lignification {unknown}
 j - a potion of might {unknown}
 k - a potion of invisibility {unknown}


   Skills:
 + Level 2.2 Fighting
 + Level 3.2 Long Blades
 + Level 2.7 Throwing
 + Level 4.3 Dodging


You had 3 spell levels left.
You didn't know any spells.
Your spell library contained the following spells:

 Spells                   Type           Power      Damage    Failure   Level
 Slow                     Hex            0%         N/A       34%         1
 Confusing Touch          Hex            0%         N/A       71%         3
 Vampiric Draining        Necr           0%         2d6       71%         3
 Animate Dead             Necr           0%         N/A       98%         4
 Borgnjor's Vile Clutch   Necr/Erth      0%         N/A       100%        5
 Death Channel            Necr           0%         N/A       100%        6


Dungeon Overview and Level Annotations

Branches:
Dungeon (2/15)

Altars:

Shops:
D:2 =


Message History

p - a scroll labelled HEEXUU XIVVE
Items here: ( ) ††.
A goblin comes into view. It is wielding a +0 club.
You barely miss the goblin. The goblin barely misses you. x2
You hit the goblin.
You kill the goblin!
No target in view!
No target in view!
You now have 58 gold pieces (gained 15).
You see here a +0 club.
A kobold comes into view.
It is wielding the +4 mace of Xugulebe {flame, *Corrode rC+ Str+7 Dex+4}.
The kobold shouts!
You hear a shout!
The kobold throws a stone.
The stone barely misses you.
The kobold throws a stone.
The stone hits you but does no damage.
A kobold comes into view. It is wielding a +0 short sword.
You see here a +0 club.
The kobold hits you with a +0 short sword.
You see here a +0 club.
You hit the kobold.
The kobold is moderately wounded.
The kobold misses you.
You barely miss the kobold.
The kobold is moderately wounded.
The kobold hits you with a +0 short sword.
You hit the kobold.
You kill the kobold!
The kobold hits you with the +4 mace of Xugulebe {flame, *Corrode rC+ Str+7 Dex+4}.
The kobold burns you.
You hit the kobold but do no damage. The kobold misses you.
The kobold blocks your attack.
The kobold hits you with the +4 mace of Xugulebe {flame, *Corrode rC+ Str+7 Dex+4}.
The kobold burns you. The kobold blocks your attack.
The kobold hits you with the +4 mace of Xugulebe {flame, *Corrode rC+ Str+7 Dex+4}.
* * * LOW HITPOINT WARNING * * *
The kobold burns you.
* * * LOW HITPOINT WARNING * * *
You barely miss the kobold.
The kobold hits you with the +4 mace of Xugulebe {flame, *Corrode rC+ Str+7 Dex+4}.
You die...

#...#... #.#.#... .
##.#.##.. .. #..#..#..
.K. ##.###.##. ...K
###..#.#..## .....
####...##.##...
......#####....###...###.
.......K@...####...#...##
......#####....###...###.
..... ####...##.##...
.... ###..#)#..## ...
##.#.#.## .. #..÷..# .
##...## #.).# #...#


You could see a kobold (reflecting).

Vanquished Creatures
  2 adders (D:2)
  2 dart slugs
  5 ball pythons
  2 bats (D:1)
  An endoplasm (D:1)
  2 giant cockroaches (D:1)
  5 goblins
  8 hobgoblins
  4 jackals (D:2)
  9 kobolds
  5 rats
45 creatures vanquished.

Notes
Turn   | Place    | Note
-------+----------+-------------------------------------------
     0 | D:1      | sanka the Deep Elf Gladiator began the quest for the Orb.
     0 | D:1      | Reached XP level 1. HP: 12/12 MP: 3/3
   161 | D:1      | Reached XP level 2. HP: 10/17 MP: 4/4
   583 | D:1      | Reached skill level 4 in Dodging
   996 | D:1      | Reached XP level 3. HP: 21/21 MP: 5/5
  1564 | D:2      | Found Soer's Jewellery Emporium.
  1859 | D:2      | Reached XP level 4. HP: 15/26 MP: 6/6
  2101 | D:2      | Identified the +4 mace of Xugulebe {flame, *Corrode rC+
                  | Str+7 Dex+4}
  2116 | D:2      | Slain by a kobold

Illustrated notes

Levels and vault maps discovered:
D:1:      dpeg_arrival_morbid_curiosity, layout_basic, roderic_lattice_a,
          minmay_misc_feat_more_columns, kennysheep_nondescript,
          minmay_misc_feat_alley, grunt_decor_arrowhead
D:2:      minmay_general_purpose_star, layout_rooms, serial_shops, shop

Skill      XL: |  1  2 |
---------------+-------+-----
Dodging        | 4 |  4.3
Long Blades    | 3 |  3.2
Fighting       | 2 |  2.2
Throwing       | |  2.7

Action                   |  1- 3 |  4- 6 || total
-------------------------+-------+-------++-------
Melee: Long sword        |   108 |    15 ||   123
       Punch             |     3 |       ||     3
Throw: Throwing net      |     2 |       ||     2
 Stab: Sleeping          |     1 |       ||     1
Armor: Leather armour    |    40 |     2 ||    42
Dodge: Dodged            |   105 |     8 ||   113
